 Dungeon Crawl Stone Soup version 0.30-a0-879-ga8ba668304 (webtiles) character file.

Game seed: 14510311555206763074

1216 jlumianski the Chopper (level 8, -1/63 HPs)
             Began as a Demonspawn Fighter on Mar 12, 2023.
             Slain by an ice beast (11 damage)
             ... on level 7 of the Dungeon.
             The game lasted 00:16:47 (5044 turns).

jlumianski the Chopper (Demonspawn Fighter)         Turns: 5044, Time: 00:16:50

Health: -1/63      AC: 13    Str: 19    XL:     8   Next: 22%
Magic:  0/8        EV:  7    Int: 10    God:
Gold:   446        SH:  0    Dex: 12    Spells: 7/7 levels left

rFire   . . .      SeeInvis .    o - +0 battleaxe
rCold   . . .      Faith    .    (shield currently unavailable)
rNeg    . . .      Spirit   +    j - +0 chain mail
rPois   .          Reflect  .    (no helmet)
rElec   .          Rampage  .    (no cloak)
rCorr   .                        l - +2 pair of gloves
Will    .....                    (no boots)
Stlth   x                          - amulet of guardian spirit
HPRegen 0.30/turn                (no ring)
MPRegen 0.11/turn                (no ring)

@: no status effects
A: spiny 2, demonic magic 1
a: no special abilities


You were on level 7 of the Dungeon.
You visited 1 branch of the dungeon, and saw 7 of its levels.

You collected 446 gold pieces.

Inventory:

Hand Weapons
 a - a +0 war axe
 o - a +0 battleaxe (weapon)
 y - a +0 mace of venom
 C - a +2 vampiric short sword
Missiles
 f - 5 throwing nets
 p - 14 poisoned darts (quivered)
 v - 3 curare-tipped darts
Armour
 b - a +0 scale mail
 c - a +0 buckler
 j - a +0 chain mail (worn)
 l - a +2 pair of gloves (worn)
Magical Staves
 h - a staff of air
Jewellery
 k - a +6 ring of intelligence
 x - an amulet of guardian spirit (around neck)
 z - a +6 ring of intelligence
Wands
 w - a wand of charming (15)
 A - a wand of light (14)
 B - a wand of iceblast (5)
Scrolls
 i - 2 scrolls of fear
 n - 7 scrolls of teleportation
 r - a scroll of blinking
 t - a scroll of immolation
 u - 3 scrolls of enchant weapon
Potions
 d - a potion of might
 e - 5 potions of curing
 g - 3 potions of mutation
 m - 3 potions of attraction
 q - a potion of ambrosia
 s - a potion of degeneration


   Skills:
 * Level 5.5 Fighting
 + Level 6.4 Axes
 + Level 0.1 Throwing
 + Level 5.3 Armour
 + Level 0.2 Dodging
 + Level 0.2 Stealth
 - Level 3.0 Shields


You had 7 spell levels left.
You didn't know any spells.
Your spell library contained the following spells:

 Spells                   Type           Power      Damage    Failure   Level
 Ensorcelled Hibernation  Hex/Ice        0%         N/A       99%         2
 Inner Flame              Hex/Fire       0%         N/A       100%        3
 Spider Form              Tmut/Pois      0%         N/A       100%        3
 Anguish                  Hex/Necr       0%         N/A       100%        4
 Flame Wave               Conj/Fire      0%         2d4       100%        4
 Sticky Flame             Conj/Fire      0%         2d3       100%        4
 Enfeeble                 Hex            0%         N/A       100%        7


Dungeon Overview and Level Annotations

Branches:
Dungeon (7/15)
 Temple: D:4-7

Altars:
Sif Muna
Trog
Xom


Innate Abilities, Weirdness & Mutations

You are mostly covered in sharp spines.
Spells you cast may paralyse adjacent enemies.


Message History

The ice beast is struck by your spines. The ice beast closely misses you.
You hit the ice beast but do no damage.
The ice beast is lightly wounded.
You feel very sick. The ice beast hits you. The ice beast freezes you!
You barely miss the ice beast.
The ice beast is lightly wounded.
You feel very sick. The ice beast is struck by your spines.
The ice beast hits you but does no damage.
You closely miss the ice beast.
The ice beast is moderately wounded.
You feel sick. The ice beast is struck by your spines.
The ice beast hits you but does no damage.
The ice beast hits you. The ice beast freezes you!
* * * LOW HITPOINT WARNING * * *
You closely miss the ice beast.
The ice beast is heavily wounded.
You feel sick. The ice beast is struck by your spines.
The ice beast hits you but does no damage.
You hit the ice beast but do no damage.
The ice beast is heavily wounded.
You feel sick.
The ice beast hits you but does no damage.
The ice beast closely misses you.
You hit the ice beast.
The ice beast is severely wounded.
You feel sick.
You are no longer poisoned.
The ice beast is struck by your spines. The ice beast closely misses you.
You barely miss the ice beast.
The ice beast is almost dead.
The ice beast hits you but does no damage.
You closely miss the ice beast.
The ice beast is almost dead.
The ice beast hits you but does no damage.
The ice beast hits you.
* * * LOW HITPOINT WARNING * * *
The ice beast freezes you!
You die...

#..............# .
#.....>.....##.# .#..###
..##.........#.##.#.#...
######.......#.........
##.......#..#.....
#........#..#..!#..
#.#+#....#)....... #.
#.....).).#.#. ..
#......)@.#
..~..#.....).Y†#.#.
..~~~............... .#.
~..#........##....
...##.####..........
#.##.. ...........
...... .#######.... ...
.. ... .


You could see an ice beast.

Vanquished Creatures
  A black bear (D:6)
  2 phantoms (D:4)
  A bullfrog (D:6)
  A scorpion (D:4)
  4 killer bees (D:7)
  4 hounds
  2 orc priests
  4 iguanas
  5 orc wizards
  2 sleepcaps
  7 gnolls
  2 adders (D:6)
  A shadow imp (D:6)
  A white imp (D:4)
  2 ufetubi (D:6)
  3 worms
  A dart slug (D:5)
  18 orcs
  7 bats
  11 endoplasms
  5 giant cockroaches
  5 goblins
  5 hobgoblins
  4 jackals (D:1)
  A quokka (D:1)
  4 ball pythons
  3 frilled lizards
  5 kobolds
  7 rats
118 creatures vanquished.

Vanquished Creatures (others)
  A plant (D:2)
  2 withered plants (D:2)
3 creatures vanquished.

Grand Total: 121 creatures vanquished

Notes
Turn   | Place    | Note
-------+----------+-------------------------------------------
     0 | D:1      | jlumianski the Demonspawn Fighter began the quest for the
                  | Orb.
     0 | D:1      | Reached XP level 1. HP: 18/18 MP: 1/1
   179 | D:1      | Gained mutation: You are partially covered in sharp spines.
                  | [demonic ancestry]
   179 | D:1      | Reached XP level 2. HP: 24/24 MP: 2/2
   229 | D:1      | Reached skill level 2 in Axes
   865 | D:1      | Reached XP level 3. HP: 29/29 MP: 3/3
  1248 | D:2      | Found a faded altar of an unknown god.
  1271 | D:2      | Gained mutation: Spells you cast may paralyse adjacent
                  | enemies. [demonic ancestry]
  1271 | D:2      | Reached XP level 4. HP: 35/35 MP: 4/4
  1423 | D:3      | Reached skill level 3 in Axes
  1441 | D:3      | Gained mutation: You are mostly covered in sharp spines.
                  | [demonic ancestry]
  1441 | D:3      | Reached XP level 5. HP: 38/42 MP: 5/5
  2404 | D:3      | Found a shimmering blue altar of Sif Muna.
  2404 | D:3      | Found a bloodstained altar of Trog.
  2524 | D:4      | Noticed a phantom
  2532 | D:4      | Reached skill level 4 in Axes
  2544 | D:4      | Killed a phantom
  2545 | D:4      | Reached XP level 6. HP: 11/48 MP: 6/6
  2704 | D:5      | Entered Level 5 of the Dungeon
  3184 | D:4      | Found a shimmering altar of Xom.
  3419 | D:4      | Reached skill level 5 in Axes
  3439 | D:4      | Reached XP level 7. HP: 43/55 MP: 7/7
  4580 | D:6      | Reached skill level 5 in Fighting
  4612 | D:6      | Reached skill level 6 in Axes
  4737 | D:6      | Reached skill level 5 in Armour
  5025 | D:7      | Reached XP level 8. HP: 62/62 MP: 8/8
  5044 | D:7      | Slain by an ice beast

Illustrated notes

Levels and vault maps discovered:
D:1:      psy_arrival_spokes, layout_basic
D:2:      layout_loops_corners, shapermc_ecumenical_altar_flowoftime,
          kennysheep_doodads
D:3:      layout_rooms, gammafunk_temple_overflow_forgotten, serial_glass,
          glass_columns_a, glass_columns_b
D:4:      layout_basic, old_standard_altar, serial_glass, glass_columns_a,
          glass_columns_a, item_on_display_a, feat_on_display
D:5:      layout_loops_ring
D:6:      layout_loops_ring, nicolae_elevator_lobby_plus
D:7:      layout_basic, nicolae_overflow_hidden_temple, temple_hall,
          st_stairs_6, amcnicky_mini_pool_small, minmay_misc_feat_secret_circle

Skill      XL: |  1  2  3  4  5  6  7 |
---------------+----------------------+-----
Axes           | 2 3 4 5 6 |  6.4
Shields        | 3 |  3.0
Armour         | 3 4 5 |  5.3
Fighting       | 4 5 |  5.5
Throwing       | |  0.1
Dodging        | |  0.2
Stealth        | |  0.2

Action                     |  1- 3 |  4- 6 |  7- 9 || total
---------------------------+-------+-------+-------++-------
  Melee: War axe           |    68 |     3 |       ||    71
         Battleaxe         |       |    73 |    78 ||   151
  Throw: Dart              |       |     4 |       ||     4
    Use: Scroll            |       |    11 |       ||    11
         Potion            |       |     1 |       ||     1
 Armour: Scale mail        |    16 |       |       ||    16
         Chain mail        |    23 |    52 |    64 ||   139
  Dodge: Dodged            |    28 |    22 |    33 ||    83
  Block: Buckler           |    13 |       |       ||    13

Table legend: (Time is in decaauts)
 A = Elapsed time spent in this place.
 B = Non-inter-level travel time spent in this place.
 C = Inter-level travel time spent in this place.
 D = Time resting spent in this place.
 E = Time spent auto-exploring this place.
 F = Levels seen in this place.
 G = Mean time per level.
                   A        B        C        D        E       F      G
               +--------+--------+--------+--------+--------+-----+--------+
         Total |   5148 |   4969 |    179 |    285 |   3012 |   7 |  735.4 |
       Dungeon |   5148 |   4969 |    179 |    285 |   3012 |   7 |  735.4 |
               +--------+--------+--------+--------+--------+-----+--------+

Top non-repeatable levels by time:
     D:1: 1046 daAuts
     D:2: 1012 daAuts
     D:4: 958 daAuts
     D:5: 779 daAuts
     D:6: 665 daAuts
     D:3: 611 daAuts
     D:7: 75 daAuts
